 Dungeon Crawl Stone Soup version 0.27-a0-1273-gec92ba881d (webtiles) character file.

Game seed: 2191441188656164659

79 Anon1729 the Ruffian (level 4, -2/34 HPs)
             Began as a Palentonga Transmuter on June 11, 2021.
             Killed from afar by Sigmund (6 damage)
             ... with a magic dart
             ... on level 2 of the Dungeon.
             The game lasted 00:03:36 (1822 turns).

Anon1729 the Ruffian (Palentonga Transmuter)        Turns: 1822, Time: 00:03:36

Health: -2/34      AC:  4    Str: 13    XL:     4   Next: 17%
Magic:  1/7        EV:  9    Int: 15    God:
Gold:   44         SH:  0    Dex: 10    Spells: 1/7 levels left

rFire    . . .     SeeInvis +     - Unarmed
rCold    . . .     Faith    .   (no shield)
rNeg     . . .     Spirit   .   a - +0 robe
rPois    .         Reflect  .   (no helmet)
rElec    .         Harm     .   (no cloak)
rCorr    .         Rampage  .   (no gloves)
Will     .....                  (no barding)
Stlth    +.........             (no amulet)
HPRegen  0.11/turn              (no ring)
MPRegen  0.10/turn              (no ring)

@: brilliant
A: large, rugged brown scales 3, see invisible, deformed body, roll 1, armoured
tail
a: Rolling Charge


You were on level 2 of the Dungeon.
You visited 1 branch of the dungeon, and saw 2 of its levels.

You collected 44 gold pieces.

Inventory:

Armour
 a - a +0 robe (worn)
Scrolls
 c - a scroll of magic mapping {unknown}
 f - a scroll of vulnerability {unknown}
Potions
 b - a potion of brilliance
 d - a potion of attraction {unknown}
 e - a potion of berserk rage {unknown}


   Skills:
 - Level 1.2 Fighting
 - Level 1.7 Dodging
 + Level 3.9 Unarmed Combat
 - Level 2.1 Spellcasting
 + Level 3.2 Transmutations


You had one spell level left.
You knew the following spells:

 Your Spells              Type           Power      Damage    Failure   Level
a - Beastly Appendage     Tmut           34%        N/A       6%          1
b - Wereblood             Tmut           17%        N/A       9%          2
c - Spider Form           Tmut/Pois      4%         N/A       34%         3

Your spell library contained the following spells:

 Spells                   Type           Power      Damage    Failure   Level
 Ice Form                 Ice/Tmut       9%         N/A       75%         4


Dungeon Overview and Level Annotations

Branches:
Dungeon (2/15)

Altars:

Shops:
D:1 !

Annotations:
D:2 Sigmund


Innate Abilities, Weirdness & Mutations

You are completely covered in rugged brown scales. (AC +3, +7% HP)
You have supernaturally acute eyesight. (SInv)
Armour fits poorly on your strangely shaped body.
You can roll at nearby foes to attack.
You have a long armoured tail.


Message History

Sigmund misses you.
You hit Sigmund.
Sigmund is poisoned.
Sigmund is lightly wounded.
Sigmund hits you with a +0 antimagic scythe!
You feel your power leaking away.
You barely miss Sigmund.
Sigmund is lightly wounded.
Sigmund closely misses you.
You hit Sigmund but do no damage.
Sigmund looks as sick as possible!
Sigmund is lightly wounded.
Sigmund closely misses you.
You closely miss Sigmund.
Sigmund is moderately wounded.
Sigmund misses you.
You hit Sigmund.
Sigmund looks as sick as possible!
Sigmund is heavily wounded.
Sigmund points at you and mumbles some strange words.
You are confused.
You are too confused!
You hit Sigmund but do no damage.
Sigmund looks as sick as possible!
Sigmund is heavily wounded.
Sigmund barely misses you.
Your transformation has ended.
Your +0 robe unmelds from your body.
Sigmund says, "Don't worry, I'll kill you fast."
Sigmund points at you and mumbles some strange words.
The magic dart hits you!
Sigmund hits you from afar with a +0 antimagic scythe.
* * * LOW HITPOINT WARNING * * *
Sigmund hits you with a +0 antimagic scythe.
* * * LOW HITPOINT WARNING * * *
Sigmund closely misses you. Sigmund casts a spell at you.
You resist with some effort.
You're too confused to aim your attacks!
It was a potion of brilliance.
You feel clever all of a sudden.
You feel less confused. Sigmund casts a spell at you. The magic dart hits you.
You die...

########## #........#
#........# #........#
#........###########
#..................#
#..................#
#..........(.......#
#......@....)......#
#........<.........# ###
#..................# #..
#######@#####'###### #..
#######......##.########..
..........................
##########.#.#..#.###+##.####
..............#.#.##.........
....#.....#..).#.##.........


You could see Sigmund (invisible, very poisoned).

Vanquished Creatures
  Natasha (D:2)
  An adder (D:2)
  2 dart slugs (D:1)
  4 endoplasms
  A giant cockroach (D:1)
  3 goblins (D:1)
  4 hobgoblins
  4 jackals (D:1)
  A quokka (D:1)
  5 ball pythons (D:1)
  6 bats
  A frilled lizard (D:1)
  A kobold (D:2)
  7 rats
41 creatures vanquished.

Notes
Turn   | Place    | Note
-------+----------+-------------------------------------------
     0 | D:1      | Anon1729 the Palentonga Transmuter began the quest for the
                  | Orb.
     0 | D:1      | Reached XP level 1. HP: 16/16 MP: 3/3
    54 | D:1      | Reached XP level 2. HP: 10/22 MP: 5/5
   890 | D:1      | Reached XP level 3. HP: 27/27 MP: 6/6
  1072 | D:1      | Found Hotz's Distillery.
  1535 | D:2      | Noticed Natasha
  1548 | D:2      | Killed Natasha
  1549 | D:2      | Reached XP level 4. HP: 30/34 MP: 5/7
  1559 | D:2      | Noticed Sigmund
  1763 | D:1      | Learned a level 2 spell: Wereblood
  1767 | D:1      | Learned a level 3 spell: Spider Form
  1822 | D:2      | Killed from afar by Sigmund

Illustrated notes

Levels and vault maps discovered:
D:1:      elethiomel_arrival_quiet, layout_basic, serial_shops,
          nicolae_shop_behind_doors
D:2:      layout_basic, minmay_box_of_dots, uniq_natasha, uniq_terence,
          uniq_sigmund

Skill      XL: |  1  2  3 |
---------------+----------+-----
Transmutations | 3 |  3.2
Fighting       | |  1.2
Dodging        | |  1.7
Unarmed Combat | |  3.9
Spellcasting   | |  2.1

Action                   |  1- 3 |  4- 6 || total
-------------------------+-------+-------++-------
Melee: Unarmed           |   112 |    23 ||   135
       Tailslap          |    12 |       ||    12
       Kick              |     8 |     1 ||     9
       Headbutt          |     3 |     1 ||     4
       Punch             |     2 |       ||     2
 Cast: Beastly Appendage |    12 |     1 ||    13
       Spider Form       |       |     1 ||     1
  Use: Potion            |       |     1 ||     1
 Stab: Sleeping          |     1 |       ||     1
Armor: Robe              |    53 |    22 ||    75
       Skin              |       |     1 ||     1
Dodge: Dodged            |    59 |    36 ||    95

Table legend: (Time is in decaauts)
 A = Elapsed time spent in this place.
 B = Non-inter-level travel time spent in this place.
 C = Inter-level travel time spent in this place.
 D = Time resting spent in this place.
 E = Time spent auto-exploring this place.
 F = Levels seen in this place.
 G = Mean time per level.
                   A        B        C        D        E       F      G
               +--------+--------+--------+--------+--------+-----+--------+
         Total |   1816 |   1795 |     21 |    192 |   1288 |   2 |  908.0 |
       Dungeon |   1816 |   1795 |     21 |    192 |   1288 |   2 |  908.0 |
               +--------+--------+--------+--------+--------+-----+--------+

Top non-repeatable levels by time:
     D:1: 1458 daAuts
     D:2: 358 daAuts
